 Dungeon Crawl Stone Soup version 0.30-b1-2-g02819fbbbe (webtiles) character file.

Game seed: 3262796083473918481

20 snakesoul the Gusty (level 2, 0/22 HPs)
             Began as a Demigod Air Elementalist on May 30, 2023.
             Slain by a rat (2 damage)
             ... on level 1 of the Dungeon.
             The game lasted 00:01:31 (446 turns).

snakesoul the Gusty (Demigod Air Elementalist)       Turns: 446, Time: 00:01:32

Health: 0/22       AC:  2    Str:  9    XL:     2   Next: 42%
Magic:  4/7        EV: 12    Int: 17    God:
Gold:   76         SH:  0    Dex: 14    Spells: 4/5 levels left

rFire   . . .        f - +0 sling
rCold   . . .        (no shield)
rNeg    . . .        a - +0 robe
rPois   .            (no helmet)
rElec   .            (no cloak)
rCorr   .            (no gloves)
SInv    .            (no boots)
Will    .....        (no amulet)
Stlth   ++           (no ring)
HPRegen 0.23/turn    (no ring)
MPRegen 0.10/turn

%: no passive effects
@: no status effects
A: high MP 1, forlorn, divine attributes
a: no special abilities


You were on level 1 of the Dungeon.
You visited 1 branch of the dungeon, and saw 1 of its levels.

You collected 76 gold pieces.

Inventory:

Hand Weapons
 e - a +0 whip
 f - a +0 sling (weapon)
Armour
 a - a +0 robe (worn)
Potions
 b - a potion of magic
 c - a potion of mutation {unknown}
 d - a potion of berserk rage {unknown}
 g - a potion of curing {unknown}


   Skills:
 + Level 0.4 Fighting
 + Level 0.4 Ranged Weapons
 - Level 1.7 Dodging
 - Level 1.7 Stealth
 + Level 2.0 Spellcasting
 + Level 1.4 Conjurations
 + Level 3.0 Air Magic


You had 4 spell levels left.
You knew the following spells:

 Your Spells              Type           Power      Damage    Failure   Level
a - Shock                 Conj/Air       36%        1d5       8%          1

Your spell library contained the following spells:

 Spells                   Type           Power      Damage    Failure   Level
 Static Discharge         Conj/Air       18%        2-3/arc   12%         2
 Swiftness                Air            11%        N/A       17%         3
 Airstrike                Air            5%         2d(1-17)  50%         4


Dungeon Overview and Level Annotations

Branches:
Dungeon (1/15)


Innate Abilities, Weirdness & Mutations

You have an increased reservoir of magic. (+10% MP)
You shall have no god before yourself.
Your divine heritage dramatically boosts your attributes as you level up.


Message History

Press: ? - help, Shift-Dir - straight line, f/p - hobgoblin
Aim: a hobgoblin (severely wounded, 68% to hit)
The zap misses the hobgoblin.
The giant cockroach barely misses you. The goblin hits you but does no damage.
The frilled lizard bites you.
* * * LOW HITPOINT WARNING * * *
The hobgoblin misses you.
Unknown command.
Casting: Shock (safe; 8% risk of failure)
Confirm with . or Enter, or press ? or * to list all spells.
Aiming: Shock (safe; 8% risk of failure)
Press: ? - help, Shift-Dir - straight line, f - frilled lizard, p - hobgoblin
Aim: a frilled lizard (48% to hit)
The zap hits the frilled lizard.
You kill the frilled lizard!
The zap hits the rat.
The rat is moderately wounded.
The giant cockroach closely misses you. The hobgoblin closely misses you.
The goblin hits you with a +0 dagger.
* * * LOW HITPOINT WARNING * * *
The giant cockroach barely misses you.
Casting: Shock (safe; 8% risk of failure)
Confirm with . or Enter, or press ? or * to list all spells.
Aiming: Shock (safe; 8% risk of failure)
Press: ? - help, Shift-Dir - straight line That beam is likely to hit you.
Continue anyway?
Okay, then.
Unknown command.
Unknown command.
Casting: Shock (safe; 8% risk of failure)
Confirm with . or Enter, or press ? or * to list all spells.
Aiming: Shock (safe; 8% risk of failure)
Press: ? - help, Shift-Dir - straight line The zap hits the goblin.
The goblin is severely wounded.
The zap hits the hobgoblin.
You kill the hobgoblin!
The giant cockroach bites you.
* * * LOW HITPOINT WARNING * * *
The goblin misses you. The rat bites you.
You die...

### ## ........#
#####.# ........#
......# ........#
...... .......##
....# ##......##
....# ##..†.....##
....# .#.....†Bg..#
....####.#.....r@...#
.....#.. #..........#
..)....# #..........#
.......###..........#
..#......##........##
..#....#..#........##
###....##...........#
......>##...........#
.......##...........#


You could see a giant cockroach, a goblin and a rat.

Vanquished Creatures
  A ball python (D:1)
  2 bats (D:1)
  2 endoplasms (D:1)
  A giant cockroach (D:1)
  A goblin (D:1)
  4 hobgoblins (D:1)
  2 kobolds (D:1)
  3 frilled lizards (D:1)
  2 rats (D:1)
18 creatures vanquished.

Notes
Turn   | Place    | Note
-------+----------+-------------------------------------------
     0 | D:1      | snakesoul the Demigod Air Elementalist began the quest for
                  | the Orb.
     0 | D:1      | Reached XP level 1. HP: 14/14 MP: 5/5
    19 | D:1      | Reached skill level 1 in Conjurations
   220 | D:1      | Reached XP level 2. HP: 20/20 MP: 7/7
   424 | D:1      | Reached skill level 3 in Air Magic
   446 | D:1      | Slain by a rat

Illustrated notes

Levels and vault maps discovered:
D:1:      lightli_arrival_noodles, layout_rooms, eino_curves_01

Skill      XL: |  1  2 |
---------------+-------+-----
Conjurations   | 1 |  1.4
Spellcasting   | 2 |  2.0
Air Magic      | 3 |  3.0
Fighting       | |  0.4
Ranged Weapons | |  0.4
Dodging        | |  1.7
Stealth        | |  1.7

Action                     || total
---------------------------++-------
  Melee: Unarmed           ||     7
   Fire: Sling             ||    39
   Cast: Shock             ||    12
 Armour: Robe              ||     3
  Dodge: Dodged            ||    22
